 Dungeon Crawl Stone Soup version 0.28.0-53-g5a82cb258f (webtiles) character file.

Game seed: 14002791626195780190

9331 Tirrikindir the Carver (level 11, -5/75 HPs)
             Began as an Octopode Fighter on June 18, 2022.
             Was an Elder of Trog.
             Shot with an arrow by a centaur (12 damage)
             ... on level 11 of the Dungeon.
             The game lasted 00:33:28 (10774 turns).

Tirrikindir the Carver (Octopode Fighter)          Turns: 10774, Time: 00:33:29

Health: -5/75      AC:  5    Str: 17    XL:     11   Next: 44%
Magic:  11/11      EV: 15    Int: 12    God:    Trog [****..]
Gold:   1847       SH: 12    Dex: 13    Spells: 10/10 levels left

rFire   . . .      SeeInvis +   a - +2 long sword (protect)
rCold   . . .      Faith    .   g - +2 buckler
rNeg    + . .      Spirit   .   (helmet restricted)
rPois   .          Reflect  .   (no amulet)
rElec   .          Harm     .   i - +4 ring of protection
rCorr   .          Rampage  .   u - ring of see invisible
Will    .....                   z - ring of positive energy
Stlth   +++++.....              (no ring)
HPRegen 0.22/turn               (no ring)
MPRegen 0.12/turn               (no ring)
                                (no ring)
                                (no ring)

@: on berserk cooldown, slowed, very slow
A: almost no armour, amphibious, 8 rings, camouflage 1, gelatinous body 1,
(nimble swimmer 1), tentacles, tentacle spike 1, large bone plates 1
a: Renounce Religion, Berserk, Trog's Hand, Brothers in Arms


You were on level 11 of the Dungeon.
You worshipped Trog.
Trog was greatly pleased with you.
You visited 2 branches of the dungeon, and saw 12 of its levels.
You also visited: Bailey.

You collected 1960 gold pieces.
You spent 113 gold pieces at shops.

Inventory:

Hand Weapons
 a - a +2 long sword of protection (weapon)
 t - a +2 dagger of flaming
Missiles
 d - 29 boomerangs (quivered)
Armour
 g - a +2 buckler (worn)
Jewellery
 i - a +4 ring of protection (left tentacle)
 p - a ring of magical power
 u - a ring of see invisible (right tentacle)
 z - a ring of positive energy (on tentacle)
Wands
 f - a wand of mindburst (21)
 r - a wand of flame (26)
 A - a wand of charming (3)
 D - a wand of iceblast (5)
Scrolls
 b - a scroll of enchant armour
 h - 4 scrolls of fog
 j - a scroll of fear
 s - a scroll of blinking
 v - 4 scrolls of teleportation
 w - a scroll of immolation
 y - a scroll of magic mapping
 C - a scroll of torment {unknown}
Potions
 c - a potion of berserk rage
 e - a potion of magic
 k - a potion of mutation
 l - a potion of haste {unknown}
 m - 2 potions of heal wounds
 n - 5 potions of curing
 o - 4 potions of might
 q - 8 potions of flight
 x - 2 potions of cancellation {unknown}


   Skills:
 * Level 7.6 Fighting
 * Level 10.3 Long Blades
 * Level 7.6 Dodging
 + Level 8.9 Stealth
 * Level 7.6 Shields
 + Level 5.2 Evocations


You had 10 spell levels left.
You didn't know any spells.
Your spell library contained the following spells:

 Spells                   Type           Power      Damage    Failure   Level
 Animate Skeleton         Necr           0%         N/A       38%         1
 Pain                     Necr           0%         1d4       38%         1
 Vampiric Draining        Necr           0%         2d6       77%         3
 Freezing Cloud           Conj/Ice/Air   0%         6-21      100%        5
 Simulacrum               Ice/Necr       0%         N/A       100%        6
 Polar Vortex             Ice            0%         N/A       100%        9


Dungeon Overview and Level Annotations

Branches:
Dungeon (11/15)            Temple (1/1) D:6            Lair (0/6) D:10
 Bailey (visited)
    Orc: D:9-12

Altars:
Ashenzari
Cheibriados
Dithmenos
Elyvilon
Fedhas
Gozag
Hepliaklqana
Kikubaaqudgha
Makhleb
Nemelex Xobeh
Okawaru
Qazlal
Ru
Sif Muna
Trog
Uskayaw
Vehumet
Wu Jian
Xom
Yredelemnul
Zin
The Shining One

Shops:
D:3 *   D:7 *   D:9 [

Annotations:
D:5 3 runed translucent doors, Sin92's ghost, novice DsFi; styxcanada's ghost, amateur SpBr
D:9 2 transporters, exclusion: oklob plant, Icepheonix32's ghost, journeyman MfTm


Innate Abilities, Weirdness & Mutations

You cannot wear most types of armour.
You are amphibious.
You can wear up to eight rings at the same time.
Your skin changes colour to match your surroundings (Stealth+).
Your rubbery body absorbs attacks. (AC +1, EV +1)
((You are camouflaged when in or above water. (Stealth+)))
You have tentacles for arms and can constrict up to eight enemies at once.
One of your tentacles bears a spike.
You are partially covered in large bone plates. (SH +4)


Message History

You pierce the orc warrior!
Your squeeze misses the orc warrior.
The orc warrior is almost dead.
The orc warrior hits you but does no damage.
You closely miss the orc warrior. You grab the orc warrior.
You squeeze the orc warrior.
You kill the orc warrior!
Trog accepts your kill.
You slice the orc!!
You kill the orc!
Trog accepts your kill. The orc wizard casts a spell at you.
The puff of flame misses you.
You see here a +0 club.
You slash the orc wizard! Your grab misses the orc wizard.
Your tentacle spike misses the orc wizard.
The orc wizard is heavily wounded.
You closely miss the orc wizard. You grab the orc wizard.
You pierce the orc wizard.
You squeeze the orc wizard.
You kill the orc wizard!
Trog accepts your kill.
Trog appreciates your killing of a magic user.
A centaur comes into view.
The centaur wields a +0 shortbow.
The centaur shoots an arrow.
The arrow misses you.
You hear a shout! x2
Things that are here:
a +1 dagger of draining; a +0 robe You feel a strong urge to attack something.
You see here a +0 club.
You are no longer berserk.
You are exhausted.
You feel yourself slow down.
Items here: ( ))) [ †.
The centaur shoots an arrow.
The arrow hits you!
* * * LOW HITPOINT WARNING * * *
You hear a shout!
You see here a +0 ring mail.
The centaur shoots an arrow.
You block the arrow.
The centaur shoots an arrow.
The arrow hits you!
You die...

########### #####
#.........# #...#
#.........# #...# ###
#.....<...# #...# #...
#.........########...#
#....
#...............##...#
.....
#.........###.@.##..##
..... #.........#
##.[...#######.....
#.........#
###.).)†).........
#.........#
#.)###)...#.....
###########
#####))...####.....
#......)...# .....
#.#.........# #....
#...c.c...# #...
#...........# #..


You could see 2 centaurs.

Vanquished Creatures
  A two-headed ogre (D:9)
  Sigmund (D:4)
  3 wyverns
  A steam dragon (D:8)
  17 yaks
  An acid dragon (D:10)
  2 water moccasins
  Duvessa (D:7)
  2 sky beasts (D:5)
  2 ice beasts
  A hornet zombie (D:5)
  7 orc warriors
  2 necrophages (D:7)
  2 ogres
  6 centaurs
  A phantom (D:6)
  A kobold brigand (D:9)
  A bullfrog (D:8)
  A gnoll sergeant (D:8)
  A water moccasin zombie (D:5)
  2 scorpions
  Dowan (D:7)
  2 water moccasin skeletons
  4 wights (D:9)
  15 killer bees
  6 howler monkeys
  5 centaur zombies
  5 orc priests
  4 hounds
  A jelly (D:6)
  2 gnoll shamans
  10 orc wizards
  A scorpion zombie (D:5)
  4 iguanas
  A hound skeleton (D:4)
  A howler monkey zombie (D:9)
  12 gnolls
  4 adders
  A howler monkey skeleton (D:4)
  2 shadow imps (D:7)
  A white imp (D:7)
  3 ufetubi
  An adder zombie (D:5)
  43 orcs
  4 bats
  6 endoplasms
  3 giant cockroaches
  6 goblins
  8 hobgoblins
  2 jackals (D:2)
  7 quokkas
  8 ball pythons
  4 frilled lizards
  24 kobolds
  3 rats
260 creatures vanquished.

Vanquished Creatures (others)
  An orc wizard (D:5)
  A plant (D:5)
2 creatures vanquished.

Grand Total: 262 creatures vanquished

Notes
Turn   | Place    | Note
-------+----------+-------------------------------------------
     0 | D:1      | Tirrikindir the Octopode Fighter began the quest for the
                  | Orb.
     0 | D:1      | Reached XP level 1. HP: 16/16 MP: 1/1
   117 | D:1      | Reached XP level 2. HP: 19/21 MP: 2/2
   285 | D:1      | Reached skill level 1 in Stealth
   777 | D:2      | Reached XP level 3. HP: 26/26 MP: 3/3
  1684 | D:3      | Reached skill level 3 in Long Blades
  1684 | D:3      | Reached XP level 4. HP: 31/31 MP: 4/4
  2095 | D:3      | Found a bloodstained altar of Trog.
  2398 | D:3      | Found Eguov's Assorted Antiques.
  2403 | D:3      | Bought a bubbling orange potion for 20 gold pieces
  2683 | D:3      | Became a worshipper of Trog the Wrathful
  2786 | D:4      | Reached XP level 5. HP: 31/36 MP: 5/5
  2853 | D:4      | Gained mutation: One of your tentacles bears a spike.
                  | [potion of mutation]
  2853 | D:4      | Gained mutation: You are partially covered in large bone
                  | plates. (SH +4) [potion of mutation]
  2938 | D:4      | Reached skill level 1 in Evocations
  3269 | D:4      | Reached XP level 6. HP: 43/43 MP: 6/6
  3272 | D:4      | Found an iron altar of Okawaru.
  3332 | D:4      | Noticed Sigmund
  3341 | D:4      | Killed Sigmund
  3342 | D:4      | Reached skill level 4 in Long Blades
  3342 | D:4      | Reached XP level 7. HP: 25/48 MP: 7/7
  3747 | D:5      | Entered Level 5 of the Dungeon
  3754 | D:5      | Reached skill level 5 in Long Blades
  3832 | D:5      | Reached * piety under Trog
  3833 | D:5      | Reached skill level 5 in Stealth
  3846 | D:5      | Reached skill level 6 in Long Blades
  3846 | D:5      | Reached XP level 8. HP: 44/54 MP: 8/8
  4408 | D:5      | Found a runed translucent gate.
  4408 | D:5      | Found a runed translucent gate.
  4409 | D:5      | Found a runed translucent gate.
  4410 | D:5      | Noticed Sin92's ghost (novice DsFi)
  4411 | D:5      | Noticed styxcanada's ghost (amateur SpBr)
  4435 | D:5      | Reached skill level 7 in Long Blades
  4834 | D:5      | Found a burning altar of Makhleb.
  4842 | D:5      | Found a blossoming altar of Fedhas.
  4845 | D:5      | Found a hide-covered altar of Uskayaw.
  4922 | D:5      | Identified the +0 leather armour "Guimef" {-Cast Rampage
                  | rPois}
  4960 | D:5      | Reached skill level 8 in Long Blades
  5110 | D:6      | Reached ** piety under Trog
  5315 | D:6      | Found a stormy altar of Qazlal.
  5394 | D:6      | Reached XP level 9. HP: 56/59 MP: 9/9
  5487 | D:6      | Found a staircase to the Ecumenical Temple.
  5497 | Temple   | Entered the Ecumenical Temple
  6013 | D:6      | Found a white marble altar of Elyvilon.
  6650 | D:7      | Reached skill level 5 in Fighting
  6650 | D:7      | Reached skill level 5 in Dodging
  6650 | D:7      | Reached skill level 5 in Shields
  6692 | D:7      | Noticed Dowan
  6693 | D:7      | Noticed Duvessa
  6697 | D:7      | Killed Dowan
  6704 | D:7      | Killed Duvessa
  6800 | D:7      | Found a shimmering blue altar of Sif Muna.
  6935 | D:7      | Found a sacrificial altar of Ru.
  7395 | D:7      | Found Pyimoenao's General Store.
  7400 | D:7      | Bought a scroll of identify for 22 gold pieces
  7400 | D:7      | Bought a scroll of teleportation for 33 gold pieces
  7400 | D:7      | Bought a scroll of immolation for 38 gold pieces
  7842 | D:8      | Found a flagged portal.
  7867 | Bailey   | Entered a bailey
  7917 | Bailey   | Reached *** piety under Trog
  8058 | Bailey   | Reached skill level 9 in Long Blades
  8066 | Bailey   | Reached XP level 10. HP: 55/68 MP: 10/10
  8839 | D:8      | Found an ornate altar of the Wu Jian Council.
  8947 | D:9      | Found a glowing silver altar of Zin.
  8965 | D:9      | Identified the +5 hunting sling of the Iron City of Dis
                  | {flame, Stlth+}
  9013 | D:9      | Found a transporter.
  9013 | D:9      | Noticed a two-headed ogre
  9030 | D:9      | Killed a two-headed ogre
  9114 | D:9      | Noticed a wizard
  9121 | D:9      | Noticed a deep elf pyromancer
  9122 | D:9      | Noticed a two-headed ogre
  9125 | D:9      | Noticed Icepheonix32's ghost (journeyman MfTm)
  9218 | D:9      | Found Sihaschoi's Antique Armour Shop.
  9756 | D:9      | Noticed an oklob plant
  9756 | D:9      | Noticed a two-headed ogre
  9766 | D:9      | Found a transporter.
 10008 | D:10     | Entered Level 10 of the Dungeon
 10037 | D:10     | Reached **** piety under Trog
 10050 | D:10     | Reached XP level 11. HP: 75/75 MP: 11/11
 10167 | D:10     | Found a basalt altar of Yredelemnul.
 10236 | D:10     | Found a staircase to the Lair.
 10350 | D:10     | Reached skill level 10 in Long Blades
 10376 | D:10     | Reached skill level 5 in Evocations
 10423 | D:10     | Found a shimmering altar of Xom.
 10609 | D:11     | Noticed a two-headed ogre
 10774 | D:11     | Shot with an arrow by a centaur

Illustrated notes

Levels and vault maps discovered:
D:1:      amcnicky_arrival_underground_garden, layout_basic
D:2:      layout_basic, chequers_serial_rivers_large_a
D:3:      layout_loops_corners, mainiacjoe_overflow_tiny_flanked, serial_shops,
          shop_fountains
D:4:      layout_loops_ring, mainiacjoe_overflow_surrounded_room, uniq_sigmund
D:5:      layout_loops_cross, minmay_overflow_temple_star_quad,
          gammafunk_ghost_cemetery, chequers_serial_rivers_small_a,
          minmay_misc_feat_tiny, serial_bayou_pond_b
D:6:      layout_basic, lemuel_crystal_altar,
          mainiacjoe_overflow_small_starburst, minmay_temple_entry_overgrown,
          chequers_serial_rivers_large_b
D:7:      layout_basic, mainiacjoe_overflow_brackets, lemuel_round_altar,
          serial_shops, kennysheep_little_box, minivault_1, uniq_duvessa
D:8:      layout_loops_corners, marbit_many_paths, enter_bailey_5
D:9:      layout_cave_pools, mainiacjoe_overflow_alcove_4, serial_shops,
          nicolae_shop_waterfront, nzn_ghost_randoct,
          eino_small_chamber_without_monster
D:10:     layout_cave_pools, lemuel_round_altar, lemuel_round_altar,
          lair_entry_dummy
D:11:     layout_rooms, orc_0_dummy, nicolae_qazlal_general_emergency
Temple:   jpeg_temple_island

Skill      XL: |  1  2  3  4  5  6  7  8  9 10 11 |
---------------+----------------------------------+-----
Stealth        | 1 2 3 5 6 7 8 |  8.9
Long Blades    | 3 4 6 8 9 10 | 10.3
Evocations     | 1 2 3 4 5 |  5.2
Fighting       | 4 5 7 |  7.6
Dodging        | 4 5 7 |  7.6
Shields        | 4 5 7 |  7.6

Action                   |  1- 3 |  4- 6 |  7- 9 | 10-12 || total
-------------------------+-------+-------+-------+-------++-------
Melee: Long sword        |    65 |    54 |   293 |   262 ||   674
       Constrict         |    16 |    16 |    62 |    29 ||   123
       Tentacles         |     8 |    12 |    61 |    66 ||   147
       Punch             |     1 |     1 |     3 |     2 ||     7
       Kick              |       |     9 |   109 |   105 ||   223
Throw: Boomerang         |       |     1 |    15 |    15 ||    31
Invok: Berserk           |       |       |       |     5 ||     5
       Trog's Hand       |       |       |       |     1 ||     1
Evoke: Wand              |       |       |     1 |     2 ||     3
  Use: Scroll            |     3 |     6 |     7 |     1 ||    17
       Potion            |       |     2 |     4 |     1 ||     7
 Stab: Sleeping          |     9 |     9 |    13 |     9 ||    40
Armor: Skin              |     8 |     5 |    74 |    58 ||   145
Dodge: Dodged            |    35 |    29 |   141 |   116 ||   321
Block: Buckler           |    19 |    22 |   127 |   155 ||   323
